Map: Dusk Towers

Players

NorthWind

  • Race: Zerg Zerg
  • League: Bronze

VolT - Winner!

  • Race: Zerg Zerg

VOD

Have the link to the VOD?

Description

Time

  • Played on: Nov. 21, 2015, 11:36 a.m.
  • Length: 13:38
Show
View Real Time Build Order
Export as new Build Order

NorthWind Zerg 

Build Orders: Pool First, Zergling Baneling 

Get SALT Encoding   

  12  0:02  Drone  
  13  0:18  Drone  
  13  0:19  Overlord  
  14  0:38  Drone x2  
  16  0:49  Extractor  
  15  0:54  Spawning Pool  
  14  1:00  Drone x2  
  16  1:21  Hatchery  
  16  1:22  Drone x2  
  17  1:42  Zergling x4  
  19  1:49  Queen  
  19  1:54  Metabolic Boost  
  21  1:57  Drone  
  22  2:02  Overlord  
  22  2:20  Overlord  
  22  2:23  Drone  
  23  2:33  Queen  
  23  2:34  Drone  
  26  2:37  Zergling x2  
  26  2:39  Zergling x2  
  29  2:51  Drone  
  29  3:00  Baneling Nest, Drone  
  29  3:04  Drone x4  
  33  3:07  Zergling x4  
  35  3:25  Overlord x2  
  35  3:58  Zergling x2  
  35  3:59  Zergling x16  
  35  4:01  Baneling x2  
  35  4:02  Baneling x5  
  44  4:03  Baneling x3  
  44  4:11  Drone x4  
  43  4:50  Zergling x2  
  43  4:51  Zergling x20  
  53  5:00  Drone  
  47  5:27  Roach Warren  
  44  5:31  Extractor  
  43  5:52  Drone x2  
  43  5:55  Drone  
  43  5:56  Drone x3  
  49  6:05  Extractor  
  49  6:06  Drone x2  
  49  6:07  Drone x4, Extractor  
  53  6:15  Overlord x3  
  53  6:39  Roach  
  57  6:40  Roach x8  
  57  6:44  Baneling x6  
  57  6:45  Baneling x6  
  57  6:46  Baneling x2  
  71  6:59  Roach  
  71  7:00  Roach  
  75  7:02  Overlord x2  
  75  7:14  Drone  
  61  7:51  Roach  
  61  7:52  Roach x10  
  69  8:24  Lair  
  69  8:27  Hatchery  
  69  8:32  Extractor  
  67  8:39  Drone x4  
  71  9:00  Overlord x2  
  71  9:01  Overlord  
  71  9:16  Roach x10  
  91  9:34  Ravager x3  
  91  9:35  Ravager x2  
  96  9:48  Drone  
  97  9:56  Hydralisk Den  
  97  9:57  Drone  
  97  9:59  Roach x3  
  103  10:00  Roach x2  
  103  10:02  Overlord  
  103  10:03  Overlord x2  
  103  10:05  Queen  
  109  10:31  Drone x5  
  114  10:43  Hydralisk x3  
  114  10:44  Hydralisk x11  
  87  11:04  Roach  
  87  11:05  Roach x4  
  95  11:16  Roach x8  
  111  11:34  Hydralisk x5  
  111  11:35  Hydralisk x2  
  89  11:57  Roach x11  
  99  12:08  Hydralisk x4  
  93  12:09  Hydralisk  
  75  12:33  Hydralisk x5  
  77  12:44  Hydralisk Den  
  66  12:56  Queen  
  68  13:03  Ravager x2  
  68  13:04  Ravager  
  71  13:07  Drone x5  
  71  13:08  Drone x2  
Show
View Real Time Build Order
Export as new Build Order

VolT Zerg - Winner!

Build Orders: Hatch First 

Get SALT Encoding   

  12  0:01  Drone  
  13  0:12  Overlord  
  13  0:17  Drone  
  14  0:44  Hatchery  
  13  0:59  Spawning Pool  
  13  1:01  Drone  
  13  1:05  Extractor  
  13  1:07  Drone  
  13  1:12  Drone  
  13  1:17  Drone  
  15  1:25  Overlord  
  15  1:34  Drone  
  16  1:45  Queen  
  18  1:55  Queen  
  18  2:00  Drone  
  21  2:09  Metabolic Boost  
  21  2:13  Drone  
  21  2:15  Drone  
  23  2:17  Drone  
  24  2:28  Drone x2  
  27  2:30  Drone  
  27  2:36  Drone  
  28  2:40  Overlord  
  28  2:47  Drone  
  29  2:54  Drone x2  
  31  3:01  Extractor  
  31  3:02  Roach Warren  
  29  3:06  Drone x2  
  29  3:07  Drone  
  29  3:08  Drone  
  29  3:11  Drone  
  34  3:13  Drone  
  34  3:19  Extractor  
  34  3:21  Extractor  
  34  3:22  Drone  
  34  3:23  Drone  
  34  3:24  Drone  
  36  3:31  Drone  
  36  3:32  Drone x2  
  39  3:37  Zergling x4  
  39  3:38  Zergling x2  
  42  3:42  Drone x2  
  44  3:50  Spine Crawler  
  44  3:53  Lair  
  43  4:01  Overlord  
  43  4:02  Overlord  
  43  4:13  Spine Crawler  
  43  4:15  Roach  
  37  4:50  Roach x3  
  37  4:51  Roach x4  
  46  4:54  Roach x3  
  51  5:07  Roach  
  49  5:34  Hatchery  
  48  5:44  Roach  
  48  5:45  Roach x2  
  48  5:46  Overlord  
  54  5:51  Overlord  
  54  6:03  Queen  
  56  6:07  Roach x2  
  56  6:09  Ravager  
  56  6:10  Ravager  
  62  6:19  Drone x4  
  66  6:32  Drone  
  67  6:34  Drone  
  68  7:11  Drone  
  68  7:12  Drone x7  
  68  7:13  Overlord  
  76  7:18  Hatchery  
  76  7:21  Glial Reconstitution  
  75  7:25  Ravager  
  76  7:34  Roach x2  
  73  8:04  Drone  
  73  8:05  Drone x8  
  82  8:06  Hatchery  
  81  8:20  Roach  
  81  8:21  Overlord x2  
  81  8:22  Evolution Chamber, Overlord  
  81  8:23  Evolution Chamber  
  81  8:29  Spire, Overseer  
  81  8:30  Overseer  
  81  8:32  Overseer  
  80  8:34  Roach x2  
  84  8:47  Drone x5  
  89  8:48  Drone  
  89  8:50  Roach x2  
  94  8:57  Zerg Missile Weapons Level 1  
  94  8:58  Zerg Ground Armor Level 1  
  94  8:59  Roach x2  
  94  9:01  Ravager x5  
  103  9:04  Burrow  
  103  9:18  Drone x4  
  103  9:19  Overlord x2  
  107  9:31  Spore Crawler  
  106  9:32  Spore Crawler  
  105  9:38  Spore Crawler  
  105  9:39  Queen  
  105  9:42  Extractor  
  105  9:43  Drone x3, Extractor  
  105  9:44  Drone  
  105  9:45  Drone x2  
  110  9:47  Drone x2  
  110  9:51  Spine Crawler  
  111  9:55  Spine Crawler  
  111  9:58  Spine Crawler  
  109  10:14  Spine Crawler  
  108  10:15  Roach x7  
  108  10:18  Ravager x3  
  108  10:19  Ravager x2  
  127  10:36  Overseer  
  127  10:41  Hatchery  
  107  11:04  Overseer  
  107  11:09  Mutalisk x11  
  129  11:16  Drone  
  129  11:17  Roach x10  
  129  11:18  Overlord x4  
  130  11:35  Roach x5  
  102  12:28  Mutalisk  
  102  12:29  Mutalisk x12  
  102  12:50  Mutalisk x3  
  102  12:51  Mutalisk  
  106  12:53  Drone x4  
  106  12:54  Drone x3, Queen  
  106  12:57  Ravager  
Tags
 
Add a new tag
Caveats
  • Supply blocks, unpowered buildings, or Contaminate may cause inaccurate times.
  • Supply counts are checked every 10 seconds.